AoeStats
← epic shit

MegaRandom

509654396Analyzed
2v2 RM · 4d ago on Sep 27, 2026· 44m 56s· 4 players
Game mode
Random Map
Map size
Medium (4 player)
Population
200
Speed
Normal
Resources
Standard
Victory
Conquest
Starting age
Dark Age
Ending age
Imperial Age
RankedLock teamsTeams togetherTeam positionsShared explorationLock speedFull tech treeHidden civsTurbo modeCheats
Victory
Defeat
🇨🇱 Danes · Chile
1216
+13
🇨🇱 Varangians · Chile
1053
+19
🇺🇸 Armenians · United States
1139
-16
🇦🇷 Spanish · Argentina
1124
-16
DougFunnie
11:15 Feudal Age
11:49 Man-at-Arms
12:57 Arson
12:44 Long Swordsman
16:48 Scale Mail Armor
18:37 Forging
20:11 Horse Collar
20:31 Double-Bit Axe
23:55 Castle Age
24:03 Two-Handed Swordsman
24:46 Squires
25:18 Gambesons
26:22 Chain Mail Armor
28:04 Iron Casting
29:50 Heavy Plow
30:03 Bow Saw
36:47 Imperial Age
34:05 Loom
34:56 Wheelbarrow
34:07 Town Watch
35:01 Wheelbarrow
38:00 Hand Cart
37:47 Town Patrol
38:27 Fletching
40:03 Conscription
Castigador
1:46 Loom
11:50 Feudal Age
13:45 Bloodlines
14:22 Wheelbarrow
16:26 Scale Barding Armor
17:23 Forging
21:58 Castle Age
20:13 Double-Bit Axe
28:59 Chain Barding Armor
34:34 Man-at-Arms
37:32 Fletching
43:49 Long Swordsman
epic shit
2:57 Loom
11:12 Feudal Age
20:02 Castle Age
22:09 Wheelbarrow
27:06 Town Watch
27:45 Double-Bit Axe
30:04 Stone Mining
goyim
5:54 Loom
9:21 Feudal Age
10:35 Man-at-Arms
11:13 Double-Bit Axe
11:09 Horse Collar
17:19 Castle Age
16:42 Arson
18:31 Bow Saw
20:59 Squires
21:51 Wheelbarrow
24:46 Gambesons
25:52 Scale Mail Armor
31:28 Heavy Plow
34:05 Forging
37:25 Gold Mining
37:25 Stone Mining
39:05 Hand Cart
39:46 Chain Mail Armor
44:38 Imperial Age
44:05 Iron Casting
44:33 Gold Shaft Mining
44:33 Stone Shaft Mining
46:02 Plate Mail Armor
Connection lost

Rejoining the realm…

Still unreachable

The connection could not be restored.

Session expired

The server has moved on; the page needs a fresh start.